 Dungeon Crawl Stone Soup version 0.24.1-8-ga250c9d538 (webtiles) character file.

Game seed: 9617731027978845514, levelgen mode: deterministic

13 fexx the Skirmisher (level 2, -5/27 HPs)
             Began as a Minotaur Berserker on May 4, 2020.
             Was a Follower of Trog.
             Slain by a worm (8 damage)
             ... on level 2 of the Dungeon.
             The game lasted 00:03:32 (1062 turns).

fexx the Skirmisher (Minotaur Berserker)            Turns: 1062, Time: 00:03:32

Health: -5/27      AC:  6    Str: 21    XL:     2   Next: 24%
Magic:  1/1        EV: 11    Int:  4    God:    Trog [*.....]
Gold:   96         SH:  0    Dex:  9    Spells: 1/1 levels left

rFire    . . .     SeeInvis .   e - +2 whip (vamp)
rCold    . . .     Gourm    .   (no shield)
rNeg     . . .     Faith    .   l - +0 ring mail
rPois    .         Spirit   .   (helmet restricted)
rElec    .         Reflect  .   j - +0 cloak
rCorr    .         Harm     .   (no gloves)
MR       .....                  (no boots)
Stlth    ..........             (no amulet)
HPRegen  0.09/turn              (no ring)
MPRegen  0.07/turn              (no ring)

@: lethally poisoned (-5 -> -11)
A: retaliatory headbutt, horns 2
a: Berserk, Renounce Religion


You were on level 2 of the Dungeon.
You worshipped Trog.
Trog was aware of your devotion.
You were not hungry.

You visited 1 branch of the dungeon, and saw 2 of its levels.

You collected 96 gold pieces.

Inventory:

Hand Weapons
 a - a +0 falchion
 e - a +2 vampiric whip (weapon)
Missiles
 d - 51 bolts
 m - 21 stones (quivered)
Armour
 b - a +0 animal skin
 f - a +0 leather armour
 j - a +0 cloak (worn)
 l - a +0 ring mail (worn)
Jewellery
 i - an uncursed ring of protection from fire {unknown}
Scrolls
 g - 3 scrolls of identify
 h - 2 scrolls of teleportation {unknown}
Potions
 k - a potion of might {unknown}
 n - a potion of curing {unknown}
Comestibles
 c - a ration


   Skills:
 + Level 3.8 Fighting
 + Level 3.8 Long Blades
 + Level 0.8 Maces & Flails
 + Level 2.7 Armour
 + Level 2.4 Dodging


You had one spell level left.
You didn't know any spells.
Your spell library was empty.

Dungeon Overview and Level Annotations

Branches:
Dungeon (2/15)

Altars:
Fedhas
Trog


Innate Abilities, Weirdness & Mutations

You reflexively headbutt those who attack you in melee.
You have a pair of horns on your head.


Message History

You closely miss the adder.
You feel sick. The adder bites you. The worm bites you.
* * * LOW HITPOINT WARNING * * *
The adder barely misses you.
You barely miss the worm.
You headbutt the worm, but do no damage.
The worm is severely wounded.
* * * LOW HITPOINT WARNING * * *
You feel sick. The adder bites you but does no damage.
The worm bites you but does no damage.
You hit the worm.
The worm is severely wounded.
The adder barely misses you.
You hit the worm.
You feel better.
Your headbutt misses the worm.
The worm is severely wounded.
* * * LOW HITPOINT WARNING * * *
You feel sick. The adder bites you.
* * * LOW HITPOINT WARNING * * *
The worm bites you!
You die...

#........#
#........# .#
#........##.#
#...........#
#...........#
#...........#
#....w......#
#....@S.....#
#...........#
#............
#....†......#
#...........#
#...........#
#...........#
#.###########
#.....#
##########


You could see a worm and an adder.

Vanquished Creatures
  A worm (D:2)
  A giant cockroach (D:1)
  A goblin (D:2)
  A hobgoblin (D:2)
  A kobold (D:2)
  A quokka (D:2)
  A bat (D:1)
  A frilled lizard (D:2)
  2 rats
  A plant (D:1)
11 creatures vanquished.

Notes
Turn   | Place    | Note
-------+----------+-------------------------------------------
     0 | D:1      | fexx the Minotaur Berserker began the quest for the Orb.
     0 | D:1      | Reached XP level 1. HP: 19/19 MP: 0/0
   932 | D:2      | Found a bloodstained altar of Trog.
   972 | D:2      | Found a blossoming altar of Fedhas.
  1030 | D:2      | Reached XP level 2. HP: 27/27 MP: 1/1
  1062 | D:2      | Slain by a worm

Levels and vault maps discovered:
D:1:      denvon_arrival_planthouse, layout_loops_ring, minmay_splitting_lines
D:2:      layout_basic, nicolae_overflow_crystal_walls, dancing_weapons_uskayaw,
          fedhas_altar_4, first_ration, trog_three_pillars_becter, uniq_terence

Action                   || total
-------------------------++-------
Melee: Falchion          ||    26
       Whip              ||    31
       Headbutt          ||    11
  Use: Scroll            ||     1
Armor: Ring mail         ||    11
       Leather armour    ||     1
Dodge: Dodged            ||    13
